 Dungeon Crawl Stone Soup version 0.19.1-1-g22dce08 (webtiles) character file.

422 M4edhros the Covert (level 6, -1/38 HPs)
             Began as an Octopode Artificer on Dec 31, 2016.
             Slain by an orc wizard
             ... wielding a +0 dagger
              (2 damage)
             ... on level 4 of the Dungeon.
             The game lasted 00:03:04 (2569 turns).

M4edhros the Covert (Octopode Artificer)            Turns: 2569, Time: 00:03:05

Health: -1/38      AC:  1    Str: 11    XL:     6   Next: 95%
Magic:  8/8        EV: 13    Int: 13    God:
Gold:   79         SH:  0    Dex: 15    Spells: 0 memorised, 5 levels left

rFire  . . .     SeeInvis .     a - +0 short sword
rCold  . . .     Gourm    .     (no shield)
rNeg   . . .     Faith    .     (helmet restricted)
rPois  .         Spirit   .     (no amulet)
rElec  .         Reflect  .     (no ring)
rCorr  .         Harm     .     (no ring)
MR     .....                    (no ring)
Stlth  +++++.....               (no ring)
                                (no ring)
                                (no ring)
                                (no ring)
                                (no ring)

@: no status effects
A: almost no armour, stealthy swim, amphibious, 8 rings, constrict 8, camouflage
1, gelatinous body 1
a: no special abilities


You were on level 4 of the Dungeon.
You were not hungry.

You visited 1 branch of the dungeon, and saw 4 of its levels.

You collected 79 gold pieces.

Inventory:

Hand Weapons
 a - a +0 short sword (weapon)
 e - a +0 hunting sling
Missiles
 h - 104 stones (quivered)
Wands
 b - a wand of flame (7/48)
 c - a wand of enslavement (5/24)
 d - a wand of random effects (12/48)
 m - a wand of lightning (5/15)
Scrolls
 i - a scroll of identify {unknown}
 j - a scroll of blinking {unknown}
 q - a scroll of enchant weapon {unknown}
Potions
 k - 2 potions of agility {unknown}
 l - a potion of brilliance {unknown}
 n - a potion of curing {unknown}
Comestibles
 f - 2 bread rations
 g - 2 beef jerkies
 o - a chunk of flesh
 p - a meat ration


   Skills:
 - Level 1.0 Fighting
 - Level 1.0 Short Blades
 - Level 2.0 Dodging
 + Level 9.9 Stealth
 - Level 3.2 Evocations


You had 5 spell levels left.
You didn't know any spells.

Dungeon Overview and Level Annotations

Branches:
Dungeon (4/15)
 Temple: D:4-7

Altars:
Hepliaklqana
Nemelex Xobeh
Sif Muna
Xom


Innate Abilities, Weirdness & Mutations

You cannot wear most types of armour.
You are very stealthy in the water. (Stealth+)
You are amphibious.
You can wear up to eight rings at the same time.
You can use your tentacles to constrict eight enemies at once.
Your skin changes colour to match your surroundings (Stealth+).
Your rubbery body absorbs attacks. (AC +1, EV +1)


Message History

Evoke which item? (* to show all) (? for menu, Esc to quit)
Zapping:
c - a wand of enslavement (9/24)
Press: ? - help, Shift-Dir - straight line, f - you Nothing appears to happen.
This wand has 8 charges left.
Something completely misses you.
Evoke which item? (* to show all) (? for menu, Esc to quit)
Zapping:
c - a wand of enslavement (8/24)
Press: ? - help, Shift-Dir - straight line, f - you Nothing appears to happen.
This wand has 7 charges left.
Something hits you.
* * * LOW HITPOINT WARNING * * *
Evoke which item? (* to show all) (? for menu, Esc to quit)
Zapping:
c - a wand of enslavement (7/24)
Press: ? - help, Shift-Dir - straight line, f - you Nothing appears to happen.
This wand has 6 charges left.
Something hits you but does no damage.
Evoke which item? (* to show all) (? for menu, Esc to quit)
Zapping:
c - a wand of enslavement (6/24)
Press: ? - help, Shift-Dir - straight line, f - you Nothing appears to happen.
This wand has 5 charges left.
Something hits you.
You die...

.. .... . ... #.
... # #.###.# #
.. ...#.#.##...
#######.#.#....#
##..)..@{.....##
#...####.()....#
###.)o#..###.#.#
###..o## #.#
#######.## #.#
## #....##.##
#.##..
#....#...####...
#......#....#.#
#....######...#


There were no monsters in sight!

Vanquished Creatures
  The ghost of cuckmaster the Chopper, an amateur OpBe of Trog (D:3)
  4 orc wizards
  7 gnolls (D:3)
  2 adders
  An ooze (D:2)
  A worm (D:4)
  A dart slug (D:3)
  A leopard gecko (D:3)
  5 orcs
  A giant cockroach (D:4)
  2 goblins
  4 hobgoblins
  5 bats
  3 kobolds
  5 rats
43 creatures vanquished.

Vanquished Creatures (collateral kills)
  An orc (D:4)
1 creature vanquished.

Vanquished Creatures (others)
  A gnoll (D:3)
  An orc (D:3)
2 creatures vanquished.

Grand Total: 46 creatures vanquished

Notes
Turn   | Place    | Note
-------+----------+-------------------------------------------
     0 | D:1      | M4edhros the Octopode Artificer began the quest for the Orb.
     0 | D:1      | Reached XP level 1. HP: 13/13 MP: 3/3
    31 | D:1      | Reached skill level 2 in Stealth
   425 | D:2      | Found a hazy altar of Hepliaklqana.
   430 | D:2      | Reached XP level 2. HP: 15/18 MP: 4/4
   456 | D:2      | Reached skill level 3 in Stealth
   606 | D:2      | Reached skill level 4 in Stealth
   685 | D:2      | Reached XP level 3. HP: 19/23 MP: 5/5
   759 | D:3      | Reached skill level 5 in Stealth
   762 | D:3      | Reached XP level 4. HP: 16/28 MP: 6/6
   777 | D:3      | Noticed cuckmaster's ghost (amateur OpBe)
   958 | D:3      | Killed cuckmaster's ghost
   958 | D:3      | Reached skill level 8 in Stealth
   958 | D:3      | Reached XP level 5. HP: 33/33 MP: 7/7
   958 | D:3      | Reached XP level 6. HP: 38/38 MP: 8/8
  1435 | D:3      | Reached skill level 9 in Stealth
  1792 | D:3      | Found a deep blue altar of Sif Muna.
  1796 | D:3      | Found a sparkling altar of Nemelex Xobeh.
  1801 | D:3      | Found a shimmering altar of Xom.
  2567 | D:4      | HP: 1/38 [something (3)]
  2569 | D:4      | Slain by an orc wizard

Skill      XL: |  1  2  3  4  5  6 |
---------------+-------------------+-----
Stealth        | 2 4 5 8 9 |  9.9
Fighting       | |  1.0
Short Blades   | |  1.0
Dodging        | |  2.0
Evocations     | |  3.2

Action                   |  1- 3 |  4- 6 || total
-------------------------+-------+-------++-------
Melee: Short sword       |    38 |    63 ||   101
       Constrict         |    13 |    14 ||    27
       Tentacles         |     7 |    11 ||    18
Evoke: Wand              |     1 |    20 ||    21
  Use: Potion            |     3 |       ||     3
 Stab: Sleeping          |     3 |     5 ||     8
       Distracted        |       |     1 ||     1
  Eat: Chunk             |       |     5 ||     5
Armor: Skin              |     5 |     2 ||     7
Dodge: Dodged            |    25 |    39 ||    64
